 Dungeon Crawl Stone Soup version 0.26-a0-712-ga5a9c9c9d0 (webtiles) character file.

Game seed: 2049291471210257080

4864 kae the Martial Artist (level 10, -6/61 HPs)
             Began as an Octopode Transmuter on Nov 6, 2020.
             Was a Follower of Hepliaklqana.
             Mangled by a queen ant (20 damage)
             ... on level 8 of the Dungeon.
             The game lasted 00:08:27 (11100 turns).

kae the Martial Artist (Octopode Transmuter)       Turns: 11100, Time: 00:08:28

Health: -6/61      AC:  2    Str: 12    XL:     10   Next: 50%
Magic:  15/16      EV: 26    Int: 16    God:    Hepliaklqana [*.....]
Gold:   313        SH:  0    Dex: 20    Spells: 4/17 levels left

rFire    + + .     SeeInvis .     - Unarmed
rCold    . . .     Faith    .   (shield currently unavailable)
rNeg     . . .     Spirit   .   (helmet currently unavailable)
rPois    .         Reflect  .   (no amulet)
rElec    +         Harm     .   g - ring of protection from magic
rCorr    .         Rampage  .   d - ring of Broken Luck {rElec rPois rF+ Dex+2}
MR       +....                  o - ring of protection from fire
Stlth    ++........             (no ring)
HPRegen  0.20/turn              (no ring)
MPRegen  0.15/turn              (no ring)
                                (no ring)
                                (no ring)

@: lethally poisoned (-6 -> -15), spider-form, hasted, very quick
A: tiny, almost no armour, stealthy swim, (amphibious), 8 rings, (constrict 8),
reduced essence
a: End Transformation, Recall Ancestor, Ancestor Identity, Renounce Religion


You were on level 8 of the Dungeon.
You worshipped Hepliaklqana.
Hepliaklqana was aware of your devotion.
You were a venomous arachnid creature.
You visited 1 branch of the dungeon, and saw 8 of its levels.
You also visited: Sewer.

You collected 313 gold pieces.

Inventory:

Jewellery
 d - the ring of Broken Luck (right front leg) {rElec rPois rF+ Dex+2}
   (You found it on level 4 of the Dungeon)

   [ring of poison resistance]

   It affects your dexterity (+2).
   It protects you from fire.
   It insulates you from electricity.
   It protects you from poison.
 g - a ring of protection from magic (left front leg)
 o - a ring of protection from fire (on tentacle)
 q - an uncursed ring of positive energy {unknown}
 u - a +4 ring of slaying {unknown}
Wands
 l - a wand of polymorph (7)
 s - a wand of disintegration (11)
 t - a wand of random effects (18)
Scrolls
 a - 3 scrolls of teleportation
 c - 2 scrolls of random uselessness
 f - 3 scrolls of remove curse
 i - a scroll of fear
 p - 2 scrolls of identify
 r - a scroll of amnesia
 v - 3 scrolls of enchant armour
Potions
 b - 4 potions of degeneration
 h - 3 potions of heal wounds
 j - a potion of brilliance
 k - a potion of stabbing {unknown}
 m - 2 potions of mutation
 n - 3 potions of might


   Skills:
 + Level 5.9 Fighting
 + Level 6.3 Dodging
 * Level 9.1 Unarmed Combat
 - Level 4.0 Spellcasting
 * Level 8.8 Transmutations


You had 4 spell levels left.
You knew the following spells:

 Your Spells              Type           Power        Failure   Level
a - Beastly Appendage     Tmut           ####..       3%          1
b - Spider Form           Tmut/Pois      ###.......   22%         3
c - Blade Hands           Tmut           ####......   30%         5
d - Ice Form              Ice/Tmut       ###.....     50%         4

Your spell library contained the following spells:

 Spells                   Type           Power        Failure   Level
 Wereblood                Tmut           ####....     4%          2


Dungeon Overview and Level Annotations

Branches:
Dungeon (8/15)             Temple (0/1) D:6           Sewer (visited)
   Lair: D:8-11

Altars:
Ashenzari
Cheibriados
Dithmenos
Fedhas
Hepliaklqana
Qazlal
Trog
Vehumet

Shops:
D:4 [

Annotations:
D:3 exclusion: oklob plant
D:8 exclusion: queen ant


Innate Abilities, Weirdness & Mutations

You cannot wear most types of armour.
You are very stealthy in the water. (Stealth+)
((You are amphibious.))
You can wear up to eight rings at the same time.
((You can use your tentacles to constrict eight enemies at once.))
((Your skin changes colour to match your surroundings (Stealth+).))
((Your rubbery body absorbs attacks. (AC +1, EV +1)))
Your life essence is reduced to manifest your ancestor. (-10% HP)


Message History

The soldier ant is severely wounded.
You feel sick.
The worker ant misses Mirko.
The soldier ant stings Mirko!
Mirko hits the soldier ant.
The soldier ant dies!
You swing at nothing.
You feel sick.
The worker ant bites Mirko.
Mirko hits the worker ant!
The worker ant dies!
You completely miss the queen ant.
You feel sick. The queen ant misses you.
Mirko hits the queen ant.
You feel sick.
Mirko hits the queen ant but does no damage.
You feel sick.
You feel sick.
You see here a worker ant corpse.
Press: ? - help, v - describe, . - travel
Here: a queen ant (lightly wounded)
The floor.
Okay, then.
You feel yourself speed up.
You feel sick. The queen ant stings you!!
You die... ########### #######..†....... ......#...# ......#..#.###.# ........R##B#.BB# ........B# BBBB.##

.!.....#s# B.....#
.......#.##$B.B..#
...... ..... #..##.B..#
....<..
###..##.####..####......
##.....#†.#####.......
####..†####.##.......
#.................
##...#............
#.#.#.......##...


You could see the friendly Mirko the ancestor and a queen ant.

Vanquished Creatures
  Grinder (D:4)
  11 soldier ants (D:8)
  Purgy (Sewer)
  An ice beast (D:6)
  2 phantoms
  8 ogres
  3 centaurs
  2 bullfrogs (D:6)
  A water moccasin zombie (D:6)
  3 scorpions
  2 howler monkeys
  A hound (D:8)
  2 jellies (D:6)
  3 orc priests
  Crazy Yiuf (D:5)
  2 centaur skeletons
  Ijyb (D:3)
  Terence (D:3)
  3 iguanas
  20 worker ants
  4 orc wizards
  2 hound zombies
  A worker ant zombie (D:5)
  A howler monkey skeleton (D:5)
  12 adders
  2 shadow imps
  A white imp (D:5)
  An ufetubus (D:5)
  3 oozes
  2 worms
  A dart slug (D:2)
  3 leopard geckos
  10 orcs
  2 ball pythons
  8 giant cockroaches
  12 goblins
  9 hobgoblins
  5 jackals
  A ball python skeleton (D:5)
  7 bats
  2 frilled lizards
  14 kobolds
  A quokka skeleton (D:6)
  10 rats
183 creatures vanquished.

Vanquished Creatures (collateral kills)
  2 soldier ants (D:8)
  A black bear (D:8)
  A bullfrog (D:7)
  An iguana (D:6)
  3 worker ants (D:8)
  2 adders (D:6)
  An adder skeleton (D:8)
  An orc (D:7)
12 creatures vanquished.

Vanquished Creatures (others)
  2 plants (D:5)
2 creatures vanquished.

Grand Total: 197 creatures vanquished

Notes
Turn   | Place    | Note
-------+----------+-------------------------------------------
     0 | D:1      | kae the Octopode Transmuter began the quest for the Orb.
     0 | D:1      | Reached XP level 1. HP: 13/13 MP: 3/3
   422 | D:1      | Reached XP level 2. HP: 16/18 MP: 3/5
   702 | D:1      | Reached XP level 3. HP: 23/23 MP: 4/6
  1480 | D:2      | Reached XP level 4. HP: 2/28 MP: 7/7
  2188 | D:3      | Noticed an ogre
  2199 | D:3      | Learned a level 3 spell: Spider Form
  2210 | D:3      | Noticed Ijyb
  2282 | D:3      | Reached XP level 5. HP: 26/33 MP: 5/9
  2620 | D:3      | Noticed Terence
  2628 | D:3      | Killed Terence
  2784 | D:3      | Reached skill level 4 in Unarmed Combat
  2804 | D:3      | Killed an ogre
  2804 | D:3      | Reached XP level 6. HP: 16/39 MP: 3/10
  3225 | D:3      | Found a blossoming altar of Fedhas.
  3248 | D:3      | Noticed an oklob plant
  3510 | D:4      | Got a crude jade ring
  3775 | D:4      | Noticed a phantom
  4101 | D:4      | Killed a phantom
  4101 | D:4      | Reached XP level 7. HP: 11/45 MP: 9/11
  4379 | D:4      | Found Ukaodu's Antique Armour Emporium.
  4453 | D:4      | Noticed Grinder
  4475 | D:4      | Killed Grinder
  4475 | D:4      | Reached skill level 5 in Unarmed Combat
  4567 | D:4      | Reached skill level 5 in Transmutations
  4878 | D:4      | Reached XP level 8. HP: 52/52 MP: 8/12
  5030 | D:4      | Reached skill level 6 in Unarmed Combat
  5309 | D:4      | Found a radiant altar of Vehumet.
  5397 | D:3      | Killed Ijyb
  5582 | D:5      | Entered Level 5 of the Dungeon
  5775 | D:5      | Identified the ring of Broken Luck {rElec rPois rF+ Dex+2}
                  | (You found it on level 4 of the Dungeon)
  5997 | D:5      | Found a glowing drain.
  6014 | Sewer    | Entered a sewer
  6126 | Sewer    | Noticed Purgy
  6137 | Sewer    | Killed Purgy
  6323 | D:5      | Reached skill level 7 in Unarmed Combat
  6323 | D:5      | Reached XP level 9. HP: 59/59 MP: 10/13
  6650 | D:5      | Found a runed translucent door.
  6651 | D:5      | Noticed Crazy Yiuf
  6720 | D:5      | Found a snail-covered altar of Cheibriados.
  6843 | D:5      | Found a broken altar of Ashenzari.
  6847 | D:5      | Saw a vision of the Swamp and the Spider Nest.
  6847 | D:5      | Noticed a wolf spider
  6847 | D:5      | Noticed a wolf spider
  6907 | D:5      | Learned a level 5 spell: Blade Hands
  6912 | D:5      | Learned a level 4 spell: Ice Form
  6954 | D:5      | Killed Crazy Yiuf
  7127 | D:6      | Found a hazy altar of Hepliaklqana.
  7180 | D:6      | Became a worshipper of Hepliaklqana the Forgotten
  7395 | D:6      | Found a staircase to the Ecumenical Temple.
  7434 | D:6      | Reached skill level 5 in Dodging
  8938 | D:7      | Reached * piety under Hepliaklqana
  8938 | D:7      | Found a stormy altar of Qazlal.
  8938 | D:7      | Found a shadowy altar of Dithmenos.
  8938 | D:7      | Found a bloodstained altar of Trog.
  9085 | D:7      | Reached skill level 5 in Fighting
  9433 | D:8      | Reached skill level 8 in Unarmed Combat
 10022 | D:8      | Reached XP level 10. HP: 58/59 MP: 12/16
 10859 | D:8      | Noticed a queen ant
 11085 | D:8      | Reached skill level 9 in Unarmed Combat
 11100 | D:8      | Mangled by a queen ant

Illustrated notes

Levels and vault maps discovered:
D:1:      shiori_arrival_maze, layout_basic
D:2:      layout_rooms, kennysheep_generic_room_12
D:3:      layout_basic, tgw_fedhas, uniq_terence, uniq_ijyb
D:4:      layout_basic, overflow_temple_1_default, serial_shops,
          nicolae_shop_behind_doors, minmay_close_crescents, uniq_grinder
D:5:      layout_basic, marbit_many_paths, portal_sewer_entry_c, serial_glass,
          glass_columns_a, glass_columns_a, glass_columns_b, item_on_display_a,
          minmay_strange_pillars, feat_on_display, due_unseen_surprise,
          corner_web_ring, grunt_ashenzari_visionary
          [grunt_ashenzari_visionary_swamp, grunt_ashenzari_visionary_spider],
          uniq_crazy_yiuf_cottage
D:6:      layout_basic, nicolae_overflow_crystal_walls,
          minmay_temple_entry_large_hall
D:7:      layout_loops_ring, gammafunk_temple_overflow_claw
D:8:      layout_rooms, lemuel_zombie_altar_yredelemnul, minivault_29

Skill      XL: |  1  2  3  4  5  6  7  8  9 10 |
---------------+-------------------------------+-----
Transmutations | 3 4 5 6 8 |  8.8
Spellcasting   | 3 4 |  4.0
Unarmed Combat | 4 5 7 8 9 |  9.1
Fighting       | 2 3 4 5 |  5.9
Dodging        | 3 4 5 6 |  6.3

Action                   |  1- 3 |  4- 6 |  7- 9 | 10-12 || total
-------------------------+-------+-------+-------+-------++-------
Melee: Unarmed           |    80 |   141 |   304 |    80 ||   605
       Constrict         |    21 |    18 |    22 |     3 ||    64
       Kick              |     9 |    16 |    10 |       ||    35
       Tentacles         |     6 |    14 |    22 |     2 ||    44
       Punch             |     1 |     3 |     4 |     1 ||     9
 Cast: Beastly Appendage |    15 |    15 |    18 |       ||    48
       Spider Form       |       |     7 |    36 |    10 ||    53
  Use: Scroll            |       |     9 |     4 |       ||    13
       Potion            |       |       |     3 |     1 ||     4
 Stab: Sleeping          |     2 |     1 |     8 |       ||    11
       Distracted        |       |       |       |     1 ||     1
Armor: Skin              |    11 |     2 |    10 |       ||    23
Dodge: Dodged            |    62 |   101 |   235 |    39 ||   437

Table legend: (Time is in decaauts)
 A = Elapsed time spent in this place.
 B = Non-inter-level travel time spent in this place.
 C = Inter-level travel time spent in this place.
 D = Time resting spent in this place.
 E = Time spent auto-exploring this place.
 F = Levels seen in this place.
 G = Mean time per level.
                   A        B        C        D        E       F      G
               +--------+--------+--------+--------+--------+-----+--------+
         Total |  11025 |  10744 |    281 |   1555 |   7698 |   9 | 1225.0 |
       Dungeon |  10774 |  10493 |    281 |   1555 |   7491 |   8 | 1346.8 |
         Sewer |    250 |    250 |      0 |      0 |    207 |   1 |  250.0 |
               +--------+--------+--------+--------+--------+-----+--------+

Top non-repeatable levels by time:
     D:4: 1988 daAuts
     D:8: 1708 daAuts
     D:3: 1416 daAuts
     D:6: 1218 daAuts
     D:5: 1179 daAuts
     D:7: 1109 daAuts
     D:2: 1091 daAuts
     D:1: 1062 daAuts
   Sewer: 250 daAuts
